 Dungeon Crawl Stone Soup version 0.29.1-12-g30fa7ad0bf (webtiles) character file.

Game seed: 17216606973587857280

306 FakeRyeBread the Covered (level 6, -12/39 HPs)
             Began as a Gargoyle Fighter on Jan 6, 2023.
             Mangled by an ogre
             ... wielding a +0 giant club
              (20 damage)
             ... on level 4 of the Dungeon.
             The game lasted 00:07:44 (3724 turns).

FakeRyeBread the Covered (Gargoyle Fighter)         Turns: 3724, Time: 00:07:45

Health: -12/39     AC: 15    Str: 21    XL:     6   Next: 39%
Magic:  6/6        EV:  7    Int:  9    God:
Gold:   182        SH:  4    Dex:  9    Spells: 5/5 levels left

rFire   . . .      SeeInvis .   a - +0 flail
rCold   . . .      Faith    .   c - +0 buckler
rNeg    + . .      Spirit   .   k - +0 chain mail
rPois   ∞          Reflect  .   (no helmet)
rElec   +          Harm     .   w - +0 cloak
rCorr   .          Rampage  .   (no gloves)
Will    .....                   (no boots)
Stlth   ..........              (no amulet)
HPRegen 0.13/turn               p - ring of wizardry
MPRegen 0.10/turn               (no ring)

@: no status effects
A: sickness immunity, AC +4, negative energy resistance 1, electricity
resistance, torment resistance 1, petrification resistance
a: no special abilities


You were on level 4 of the Dungeon.
You visited 1 branch of the dungeon, and saw 4 of its levels.

You collected 182 gold pieces.

Inventory:

Hand Weapons
 a - a +0 flail (weapon)
 y - a +2 whip of draining
Missiles
 g - 22 stones (quivered)
Armour
 c - a +0 buckler (worn)
 k - a +0 chain mail (worn)
 w - a +0 cloak (worn)
Jewellery
 p - a ring of wizardry (left hand)
Wands
 u - a wand of roots (7)
 A - a wand of charming (4)
Scrolls
 b - a scroll of vulnerability {unknown}
 e - 3 scrolls of identify {unknown}
 h - a scroll of magic mapping {unknown}
 j - a scroll of amnesia {unknown}
 m - a scroll of torment {unknown}
 r - a scroll of brand weapon {unknown}
 s - a scroll of enchant weapon {unknown}
 x - 2 scrolls of teleportation {unknown}
Potions
 d - a potion of might
 f - 2 potions of mutation {unknown}
 i - a potion of cancellation {unknown}
 l - a potion of resistance {unknown}
 n - 2 potions of brilliance {unknown}
 o - a potion of curing {unknown}
 q - a potion of lignification {unknown}
 t - a potion of ambrosia {unknown}
 v - a potion of degeneration {unknown}
 z - a potion of flight {unknown}


   Skills:
 + Level 4.4 Fighting
 * Level 4.3 Maces & Flails
 + Level 4.5 Armour
 + Level 4.4 Shields


You had 5 spell levels left.
You didn't know any spells.
Your spell library contained the following spells:

 Spells                   Type           Power      Damage    Failure   Level
 Ensorcelled Hibernation  Hex/Ice        0%         N/A       93%         2
 Passwall                 Tmut/Erth      0%         N/A       93%         2
 Ozocubu's Armour         Ice            0%         N/A       99%         3
 Swiftness                Air            0%         N/A       99%         3
 Metabolic Englaciation   Hex/Ice        0%         N/A       100%        5
 Simulacrum               Ice/Necr       0%         N/A       100%        6


Dungeon Overview and Level Annotations

Branches:
Dungeon (4/15)
 Temple: D:4-7

Altars:
Makhleb
Trog


Innate Abilities, Weirdness & Mutations

You are immune to sickness and miasma.
Your stone body is resilient. (AC +4)
You are immune to poison.
You resist negative energy. (rN+)
You are resistant to electric shocks. (rElec)
You are resistant to unholy torment.
You are immune to petrification.


Message History

Found a mace.
You see here a +0 mace.
There is a stone staircase leading up here.
Found a stone staircase leading down.
A hobgoblin and a goblin come into view.
The hobgoblin shouts!
An ogre comes into view. It is wielding a +0 giant club.
The ogre shouts!
You closely miss the hobgoblin.
The hobgoblin hits you but does no damage.
The goblin barely misses you. The hobgoblin hits you.
You block the goblin's attack.
You hit the hobgoblin but do no damage. The hobgoblin hits you.
The goblin hits you but does no damage.
You sock the hobgoblin!
You kill the hobgoblin!
You block the goblin's attack.
You hit the ogre.
The ogre is moderately wounded.
The ogre hits you with a +0 giant club! The goblin hits you but does no damage.
You barely miss the ogre.
The ogre is moderately wounded.
The goblin hits you but does no damage. You block the ogre's attack.
The goblin closely misses you.
You hit the ogre.
The ogre is moderately wounded.
The ogre hits you with a +0 giant club!
* * * LOW HITPOINT WARNING * * *
The goblin closely misses you.
You sock the ogre!
The ogre is severely wounded.
You block the goblin's attack. The ogre barely misses you.
You hit the ogre.
The ogre is severely wounded.
The goblin hits you but does no damage.
You hit the ogre.
The ogre is almost dead.
The ogre hits you with a +0 giant club!!
Ouch! That really hurt!
You die...

..##
##.......>.....###.. ..#
#.................. ..#
. ##..............###
.## ..
##..............## .#
... #......)........# .#
.... ##..........#....
##
.....#####........####..
......>..........## ##.
......O@........## ##..
......g####.#..## ##...
....... #.#### ##....
....... #.# #.....
....... .# #......
....... .# #......
....... #...... #......
#...... .......


You could see an ogre and a goblin.

Vanquished Creatures
  A black bear (D:4)
  A scorpion (D:4)
  Crazy Yiuf (D:3)
  Ijyb (D:3)
  4 adders
  3 dart slugs
  4 orcs (D:3)
  4 endoplasms
  3 giant cockroaches
  6 goblins
  9 hobgoblins
  3 quokkas
  A ball python (D:4)
  9 bats
  4 frilled lizards
  4 kobolds
  3 rats
61 creatures vanquished.

Vanquished Creatures (others)
  4 plants (D:1)
4 creatures vanquished.

Grand Total: 65 creatures vanquished

Notes
Turn   | Place    | Note
-------+----------+-------------------------------------------
     0 | D:1      | FakeRyeBread the Gargoyle Fighter began the quest for the
                  | Orb.
     0 | D:1      | Reached XP level 1. HP: 14/14 MP: 1/1
   146 | D:1      | Found a faded altar of an unknown god.
   204 | D:1      | Reached XP level 2. HP: 15/19 MP: 2/2
   868 | D:2      | Reached XP level 3. HP: 21/23 MP: 3/3
  1372 | D:3      | Reached XP level 4. HP: 20/29 MP: 4/4
  1714 | D:3      | Found a bloodstained altar of Trog.
  2001 | D:3      | Noticed Ijyb
  2023 | D:3      | Killed Ijyb
  2533 | D:3      | Found a runed translucent door.
  2534 | D:3      | Noticed Crazy Yiuf
  2542 | D:3      | Killed Crazy Yiuf
  2543 | D:3      | Reached XP level 5. HP: 18/33 MP: 5/5
  3317 | D:4      | Found a burning altar of Makhleb.
  3327 | D:4      | Identified the +0 robe of Kindness {Will- Str+9 Dex+4}
  3482 | D:4      | Noticed a black bear
  3519 | D:4      | Killed a black bear
  3520 | D:4      | Reached XP level 6. HP: 38/39 MP: 6/6
  3724 | D:4      | Mangled by an ogre

Illustrated notes

Levels and vault maps discovered:
D:1:      roderic_crop_circles_arrival_small, layout_basic,
          dreamdust_ecumenical_altar_grove
D:2:      layout_basic
D:3:      layout_loops_ring, trog_three_pillars_becter, uniq_ijyb,
          uniq_crazy_yiuf_cottage
D:4:      layout_cave_pods, bloody_makhleb

Skill      XL: |  1  2  3  4  5 |
---------------+----------------+-----
Maces & Flails | 3 4 |  4.3
Shields        | 4 |  4.4
Fighting       | 4 |  4.4
Armour         | 4 |  4.5

Action                   |  1- 3 |  4- 6 || total
-------------------------+-------+-------++-------
Melee: Flail             |   114 |   144 ||   258
Armor: Scale mail        |    11 |       ||    11
       Chain mail        |    87 |   121 ||   208
Dodge: Dodged            |    50 |    70 ||   120
Block: Buckler           |    25 |    34 ||    59
